 Dungeon Crawl Stone Soup version 0.26.0-18-gc5c842f807 (webtiles) character file.

Game seed: 1516574254018880994

3470 kaeus the Skirmisher (level 9, -11/109 HPs)
             Began as a Demonspawn Fighter on Jan 23, 2021.
             Was a Believer of Trog.
             Mangled by Gastronok (25 damage)
             ... on level 8 of the Dungeon.
             The game lasted 00:09:40 (9486 turns).

kaeus the Skirmisher (Demonspawn Fighter)           Turns: 9486, Time: 00:09:40

Health: -11/109    AC: 15    Str: 22    XL:     9   Next: 79%
Magic:  0/9        EV:  8    Int: 16    God:    Trog [**....]
Gold:   527        SH: 12    Dex: 12    Spells: 8/8 levels left

rFire    + . .     SeeInvis +   a - +2 war axe
rCold    + . .     Faith    .   c - +1 kite shield
rNeg     . . .     Spirit   +   D - +1 scale mail of Zogy {rPois Regen+ SInv} (curse)
rPois    +         Reflect  .   k - +2 hat
rElec    .         Harm     .   (no cloak)
rCorr    .         Rampage  .   x - +0 pair of gloves "Kufyno Coru" {+Blink rC+ SInv} (curse)
Will     ++...     Clarity  +   w - +0 pair of boots
Stlth    ..........             e - amulet of guardian spirit
HPRegen  1.68/turn              i - +6 ring of intelligence
MPRegen  0.11/turn              (no ring)

@: berserking (expiring), regenerating (expiring), very quick
A: claws 2, yellow scales 1, blink, blurry vision 1, clarity, fire resistance 1,
strong 1
a: Blink, Renounce Religion, Evoke Blink, Berserk, Trog's Hand


You were on level 8 of the Dungeon.
You worshipped Trog.
Trog was pleased with you.
You visited 2 branches of the dungeon, and saw 9 of its levels.

You collected 527 gold pieces.

Inventory:

Hand Weapons
 a - a +2 war axe (weapon)
Armour
 c - a +1 kite shield (worn)
 k - a +2 hat (worn)
 u - a +0 plate armour
 w - a +0 pair of boots (worn)
 x - the cursed +0 pair of gloves "Kufyno Coru" (worn) {+Blink rC+ SInv}
   (You found it on level 4 of the Dungeon)

   It protects you from cold.
   It lets you see invisible.
   It lets you blink.
   It has a curse placed upon it.
 D - the cursed +1 scale mail of Zogy (worn) {rPois Regen+ SInv}
   (You found it on level 6 of the Dungeon)

   It protects you from poison.
   It lets you see invisible.
   It increases your rate of regeneration.
   It has a curse placed upon it.
Jewellery
 e - an amulet of guardian spirit (around neck)
 i - a +6 ring of intelligence (left hand)
Wands
 v - a wand of random effects (23)
 y - a wand of acid (4)
 C - a wand of digging (6)
 F - a wand of disintegration (14)
Scrolls
 f - 3 scrolls of remove curse
 g - 5 scrolls of fog
 l - 2 scrolls of enchant weapon
 n - 2 scrolls of fear
 o - a scroll of teleportation
 p - 4 scrolls of amnesia
 z - a scroll of blinking {unknown}
 B - a scroll of identify
 E - a scroll of magic mapping
Potions
 b - 6 potions of curing
 d - 3 potions of might
 h - 3 potions of flight {unknown}
 j - 4 potions of lignification
 m - 3 potions of haste {unknown}
 q - 2 potions of attraction {unknown}
 r - 2 potions of mutation
 s - a potion of invisibility {unknown}
 t - 3 potions of heal wounds {unknown}
 A - a potion of berserk rage {unknown}


   Skills:
 + Level 7.6 Fighting
 + Level 6.6 Axes
 + Level 6.9 Armour
 + Level 7.0 Shields


You had 8 spell levels left.
You didn't know any spells.
Your spell library was empty.

Dungeon Overview and Level Annotations

Branches:
Dungeon (8/15)             Temple (1/1) D:4
   Lair: D:8-11

Altars:
Ashenzari
Cheibriados
Dithmenos
Elyvilon
Fedhas
Gozag
Hepliaklqana
Kikubaaqudgha
Makhleb
Nemelex Xobeh
Qazlal
Ru
Sif Muna
Trog
Uskayaw
Vehumet
Wu Jian
Xom
Yredelemnul
Zin
The Shining One

Annotations:
D:7 1 runed translucent door, kaeus's ghost, novice HOMo
D:8 Gastronok


Innate Abilities, Weirdness & Mutations

You have very sharp fingernails.
You are partially covered in yellow scales. (AC +2)
Your flesh is heat resistant. (rF+)
You can translocate small distances at will.
Scrolls take you a little longer to read.
You possess an exceptional clarity of mind.
Your muscles are strong. (Str +2)


Message History

You take 6 damage, and have 32/109 hp.
You hit Gastronok.
Gastronok is severely wounded.
You slash Gastronok!
Gastronok is severely wounded.
Your shield prevents you from hitting Gastronok.
Gastronok is severely wounded.
Gastronok waves his eye-stalks in wide circles.
The air twists around and strikes you!!
* * * LOW HITPOINT WARNING * * *
You take 23 damage, and have 11/109 hp.
MASSIVE DAMAGE!!
You now have 1/9 mp.
You slice Gastronok!!
Gastronok is almost dead.
You feel the effects of Trog's Hand fading.
You hear a bark!
You slash Gastronok!
Gastronok is almost dead.
A jackal comes into view.
Gastronok bites you!!
You die...

##).#..#..#
##)###.#..###### #.##
##.........
)#######.######
..#...#..#
##.._..#.########### .#
#....##...........#..###
###.############.[......
#.# #.hhw@.####<## #.#
#h###### #.# #.# #.# #..


You could see Gastronok and 3 jackals.

Vanquished Creatures
  Joseph (D:7)
  Maggie (D:7)
  A wyvern (D:8)
  2 orc warriors
  A black bear (D:6)
  An ice beast (D:8)
  2 phantoms (D:4)
  A necrophage (D:6)
  4 ogres
  3 centaurs (D:7)
  5 bullfrogs
  2 scorpions
  3 howler monkeys
  3 vampire bats (D:2)
  A jelly (D:7)
  6 hounds
  A centaur skeleton (D:7)
  An orc priest (D:6)
  2 orc wizards
  A bullfrog skeleton (D:7)
  An iguana (D:3)
  Natasha (thrice) (D:2)
  3 worker ants
  A killer bee zombie (D:6)
  A hound skeleton (D:5)
  A worker ant zombie (D:5)
  6 gnolls
  6 adders
  2 shadow imps
  2 oozes
  An adder zombie (D:7)
  An adder skeleton (D:5)
  2 worms (D:2)
  2 dart slugs
  4 leopard geckos
  27 orcs
  2 bat skeletons (D:2)
  3 bat zombies (D:2)
  6 giant cockroaches
  13 goblins
  8 hobgoblins
  7 jackals
  3 quokkas
  9 bats
  7 frilled lizards
  9 kobolds
  9 rats
181 creatures vanquished.

Vanquished Creatures (others)
  2 bushes (D:6)
  13 plants (D:6)
  2 withered plants (D:7)
17 creatures vanquished.

Grand Total: 198 creatures vanquished

Notes
Turn   | Place    | Note
-------+----------+-------------------------------------------
     0 | D:1      | kaeus the Demonspawn Fighter began the quest for the Orb.
     0 | D:1      | Reached XP level 1. HP: 18/18 MP: 1/1
   212 | D:1      | Gained mutation: You have sharp fingernails. [demonic
                  | ancestry]
   212 | D:1      | Reached XP level 2. HP: 24/24 MP: 2/2
   674 | D:1      | Reached XP level 3. HP: 29/29 MP: 3/3
  1264 | D:2      | Found an ancient bone altar of Kikubaaqudgha.
  1268 | D:2      | Gained mutation: You have very sharp fingernails. [demonic
                  | ancestry]
  1268 | D:2      | Reached XP level 4. HP: 37/37 MP: 4/4
  1272 | D:2      | Reached XP level 5. HP: 38/42 MP: 5/5
  1372 | D:2      | Found a white marble altar of Elyvilon.
  1372 | D:2      | Found a sacrificial altar of Ru.
  1515 | D:2      | Noticed Natasha
  1522 | D:2      | Killed Natasha
  1924 | D:2      | Found a shimmering altar of Xom.
  2072 | D:2      | Noticed Natasha
  2083 | D:2      | Killed Natasha
  3478 | D:2      | Noticed Natasha
  3485 | D:2      | Killed Natasha
  3486 | D:2      | Gained mutation: You are partially covered in yellow
                  | scales. (AC +2) [demonic ancestry]
  3486 | D:2      | Reached XP level 6. HP: 39/48 MP: 4/6
  5035 | D:4      | Gained mutation: Your flesh is heat resistant. (rF+)
                  | [demonic ancestry]
  5035 | D:4      | Reached XP level 7. HP: 53/55 MP: 7/7
  5235 | D:4      | Got a pair of distressingly furry gloves
  5249 | D:4      | Reached skill level 5 in Fighting
  5586 | D:4      | Identified the cursed +0 pair of gloves "Kufyno Coru"
                  | {+Blink rC+ SInv} (You found it on level 4 of the Dungeon)
  5594 | D:4      | Gained mutation: Scrolls take you a little longer to read.
                  | [potion of mutation]
  5594 | D:4      | Gained mutation: You can translocate small distances at
                  | will. [potion of mutation]
  5594 | D:4      | Gained mutation: Your muscles are strong. (Str +2) [potion
                  | of mutation]
  5594 | D:4      | Gained mutation: You possess an exceptional clarity of
                  | mind. [potion of mutation]
  5691 | D:4      | Found a staircase to the Ecumenical Temple.
  5963 | Temple   | Entered the Ecumenical Temple
  6161 | Temple   | Became a worshipper of Trog the Wrathful
  6193 | D:5      | Entered Level 5 of the Dungeon
  6589 | D:5      | Reached skill level 5 in Armour
  6589 | D:5      | Reached skill level 5 in Shields
  6589 | D:5      | Reached XP level 8. HP: 39/63 MP: 4/8
  7279 | D:6      | Found a blossoming altar of Fedhas.
  7405 | D:6      | Reached skill level 5 in Axes
  8185 | D:6      | Got a pitted scale mail
  8196 | D:6      | Identified the cursed +1 scale mail of Zogy {rPois Regen+
                  | SInv} (You found it on level 6 of the Dungeon)
  8252 | D:7      | Reached * piety under Trog
  8520 | D:7      | Noticed Joseph
  8536 | D:7      | Killed Joseph
  8537 | D:7      | Reached XP level 9. HP: 71/71 MP: 6/9
  8576 | D:7      | Found a runed translucent door.
  8576 | D:7      | Noticed kaeus's ghost (novice HOMo)
  8616 | D:7      | Noticed Maggie
  8633 | D:7      | Killed Maggie
  9235 | D:8      | Reached ** piety under Trog
  9249 | D:8      | Found a hazy altar of Hepliaklqana.
  9425 | D:8      | Found an opulent altar of Gozag.
  9468 | D:8      | Noticed Gastronok
  9486 | D:8      | Mangled by Gastronok

Illustrated notes

Levels and vault maps discovered:
D:1:      dpeg_arrival_morbid_curiosity, layout_basic, st_stairs_10
D:2:      layout_basic, marbit_many_paths, kennysheep_vampire_church,
          gammafunk_temple_overflow_wave, uniq_natasha
D:3:      layout_basic
D:4:      layout_rooms, minmay_temple_entry_slanted, kennysheep_crisscross
D:5:      layout_rooms, grunt_ministairs_11
D:6:      layout_loops_corners, fedhas_altar_decomposition,
          hangedman_decor_slide_cut
D:7:      layout_basic, gammafunk_ghost_grave, uniq_maggie, uniq_joseph
D:8:      layout_loops_ring, nicolae_gozag_seed_capital, lemuel_doored_altar,
          serial_shops, shop, uniq_gastronok, uniq_grum
Temple:   eino_narrow_crystal_temple

Skill      XL: |  1  2  3  4  5  6  7  8  9 |
---------------+----------------------------+-----
Axes           | 2 3 4 5 6 |  6.6
Shields        | 3 4 5 6 7 |  7.0
Armour         | 3 4 5 6 |  6.9
Fighting       | 4 5 6 7 |  7.6

Action                   |  1- 3 |  4- 6 |  7- 9 || total
-------------------------+-------+-------+-------++-------
Melee: War axe           |   105 |   220 |   401 ||   726
Invok: Berserk           |       |       |     2 ||     2
       Trog's Hand       |       |       |     1 ||     1
  Use: Scroll            |       |       |    12 ||    12
       Potion            |       |       |     2 ||     2
Armor: Scale mail        |    42 |    93 |    85 ||   220
       Plate armour      |       |    48 |   140 ||   188
       Skin              |       |       |    12 ||    12
Dodge: Dodged            |    33 |    61 |    79 ||   173
Block: Kite shield       |    63 |   122 |   247 ||   432
